[Event "European Rapid Championship 2021"]
[Site "Katowice"]
[Date "2021.12.18"]
[Round "6.10"]
[White "Karpus, Michal"]
[Black "Dragnev, Valentin"]
[Result "1-0"]
[ECO "B01"]
[WhiteElo "2185"]
[BlackElo "2409"]
[Annotator "NA"]
[PlyCount "105"]
[EventDate "2021.12.18"]
[EventType "swiss"]
[EventCountry "POL"]
[SourceTitle "playchess.com"]
[Source "ChessBase"]
[SourceQuality "1"]
[TimeControl "900+10"]

1. e4 d5 2. exd5 Qxd5 3. Nc3 Qa5 4. d4 Nf6 5. Nf3 Bf5 6. Bc4 Nbd7 7. Bd2 c6 8. Qe2 Qc7 9. O-O-O e6 10. Ne5 Be7 11. Bf4 Bd6 12. Kb1 O-O 13. f3 Nd5 14. Bxd5 exd5 15. g4 Be6 16. Nxd7 Bxd7 17. Bxd6 Qxd6 18. Rhe1 Rae8 19. Qg2 Rxe1 20. Rxe1 Qf4 21. Re7 Bc8 22. Ne2 Qd2 23. Qf1 f5 24. gxf5 Qb4 25. f6 Rxf6 26. Re8+ Rf8 27. Rxf8+ Kxf8 28. Qc1 Qd6 29. Ng3 Qf6 30. Qe3 Kf7 31. a4 Bf5 32. Qb3 Bc8 33. Qc3 Qe7 34. Qd2 Qh4 35. Qa5 Qf4 36. Qd8 Be6 37. Qa8 Qxf3 38. Qxb7+ Kf6 39. Qxc6 Qd1+ 40. Ka2 Qxd4 41. Nh5+ Kf5 42. Ng3+ Kf6 43. Nh5+ Kf5 44. Ng3+ Kf6 45. Nh5+ Ke7 46. Qc7+ Bd7 47. b3 g6 48. Nf4 g5 49. Nd3 Ke8 50. Ne5 Be6 51. Qb8+ Bc8 52. Qxc8+ Ke7 53. Nc6+ 1-0

[Event "European Rapid Championship 2021"]
[Site "Katowice"]
[Date "2021.12.18"]
[Round "6.11"]
[White "Morkunas, Gustas"]
[Black "Papasimakopoulos, Alexandros"]
[Result "0-1"]
[ECO "C15"]
[WhiteElo "1907"]
[BlackElo "2274"]
[Annotator "NA"]
[PlyCount "116"]
[EventDate "2021.12.18"]
[EventType "swiss"]
[EventCountry "POL"]
[SourceTitle "playchess.com"]
[Source "ChessBase"]
[SourceQuality "1"]
[TimeControl "900+10"]

1. e4 e6 2. d4 d5 3. Nc3 Bb4 4. Nge2 Nc6 5. e5 Nge7 6. a3 Ba5 7. b4 Bb6 8. Na4 O-O 9. g3 Bd7 10. Nxb6 axb6 11. Bb2 f6 12. exf6 Rxf6 13. Bg2 Be8 14. Nf4 Nf5 15. O-O g5 16. Ne2 Bh5 17. Re1 Nd6 18.
Bc1 h6 19. Be3 Nc4 20. Qc1 Qf8 21. Nc3 Ne7 22. f4 Nxe3 23. Qxe3 gxf4 24. gxf4 Bg4 25. Rf1 Ng6 26. h3 Bf5 27. Rf2 Kh7 28. Kh2 c6 29. Nd1 Qd6 30. Qg3 Rg8 31. Ne3 Ne7 32. Qh4 Rfg6 33. Bf3 R6g7 34. Bg4 Rf8 35. Raf1 Be4 36. c3 Ng6 37. Qg3 h5 38. f5 Qxg3+ 39. Kxg3 exf5 40. Nxf5 Rgf7 41. Bxh5 Rxf5 42. Rxf5 Rxf5 43. Rxf5 Bxf5 44. Be2 Kg7 45. a4 Kf6 46. h4 Bc2 47. a5 b5 48. Bg4 Bf5 49. Bh5 Ne7 50.
Kf4 Nc8 51. Bf3 Nd6 52. Bh5 Ne4 53. Be8 Nxc3 54. h5 Na2 55.
h6 Nxb4 56. h7 Bxh7 57. Bd7 Nd3+ 58. Kg4 Nb2 0-1

[Event "European Rapid Championship 2021"]
[Site "Katowice"]
[Date "2021.12.18"]
[Round "6.12"]
[White "Szczurek, Krzysztof"]
[Black "Druckenthaner, Andreas"]
[Result "1-0"]
[ECO "C54"]
[WhiteElo "2086"]
[BlackElo "2291"]
[Annotator "NA"]
[PlyCount "77"]
[EventDate "2021.12.18"]
[EventType "swiss"]
[EventCountry "POL"]
[SourceTitle "playchess.com"]
[Source "ChessBase"]
[SourceQuality "1"]
[TimeControl "900+10"]

1. e4 e5 2. Nf3 Nc6 3. Bc4 Bc5 4. c3 Nf6 5. d3 d6 6. Bb3 Bb6 7. Nbd2 Ne7 8. Nf1 Ng6 9. Ng3 Bg4 10. h3 Be6 11. Be3 O-O 12. O-O Qd7 13.
d4 Bxb3 14. Qxb3 exd4 15. cxd4 Rfe8 16. Nd2 c6 17. Rad1 Rab8 18. f4 Ne7 19. f5 h6 20. Kh1 Nc8 21. Qd3 Qe7 22. Rde1 Ba5 23.
Bf4 Bxd2 24. Qxd2 Nb6 25. b3 Rbd8 26. Qc1 Nbd7 27. e5 dxe5 28.
dxe5 Nd5 29. f6 Qc5 30. Qd2 Nxf4 31. Qxf4 g5 32. Qg4 Rxe5 33. Rd1 Rd5 34. Rxd5 cxd5 35. Nf5 Qb5 36. Nxh6+ Kf8 37. Rf5 Ke8 38. Qxg5 Nf8 39. Re5+ 1-0

[Event "European Rapid Championship 2021"]
[Site "Katowice"]
[Date "2021.12.18"]
[Round "6.13"]
[White "Balacek, Tadeas"]
[Black "Lewtak, Dominik"]
[Result "0-1"]
[ECO "D43"]
[WhiteElo "2354"]
[BlackElo "2165"]
[Annotator "NA"]
[PlyCount "66"]
[EventDate "2021.12.18"]
[EventType "swiss"]
[EventCountry "POL"]
[SourceTitle "playchess.com"]
[Source "ChessBase"]
[SourceQuality "1"]
[TimeControl "900+10"]

1. d4 d5 2. c4 c6 3. Nf3 Nf6 4. Nc3 e6 5. g3 Nbd7 6. Bg2 Bb4 7. O-O O-O 8.
Qb3 a5 9. a3 Bxc3 10. Qxc3 b5 11. c5 Ne4 12. Qc2 f6 13. Nd2 Nxd2 14. Bxd2 e5 15. e4 Nb8 16. exd5 cxd5 17. Qb3 Bb7 18. Qxb5 Ba6 19. Qb3 Bc4 20. Qc2 Bxf1 21. Rxf1 Nc6 22. dxe5 fxe5 23. Qb3 Ne7 24. Bg5 Rb8 25. Qa2 Kh8 26. Rd1 Qc7 27. Bxe7 Qxe7 28. Rxd5 Rfc8 29. Qc4 Rxb2 30. Be4 Qf6 31. f3 Qh6 32. Bc2 Qe3+ 33. Kg2 Qc1 0-1

[Event "European Rapid Championship 2021"]
[Site "Katowice"]
[Date "2021.12.18"]
[Round "6.14"]
[White "Kacprzak, Karol"]
[Black "Kyc, Jerzy"]
[Result "0-1"]
[ECO "A04"]
[WhiteElo "2038"]
[BlackElo "2308"]
[Annotator "NA"]
[PlyCount "96"]
[EventDate "2021.12.18"]
[EventType "swiss"]
[EventCountry "POL"]
[SourceTitle "playchess.com"]
[Source "ChessBase"]
[SourceQuality "1"]
[TimeControl "900+10"]

1. Nf3 c5 2. c4 Nf6 3. Nc3 g6 4. e4 Bg7 5. d4 cxd4 6. Nxd4 O-O 7. Be2 d6 8. Be3 Nc6 9. O-O Nxd4 10. Bxd4 Be6 11. Qd2 Qa5 12. Rfd1 Rfc8 13. b3 a6 14. f3 Nd7 15. Rac1 Bxd4+ 16. Qxd4 b5 17. cxb5 axb5 18. b4 Qa3 19. Bxb5 Ne5 20. f4 Nc6 21. Qd2 Nxb4 22. f5 Qa7+ 23.
Kh1 Bxa2 24. Nxa2 Nxa2 25. Rxc8+ Rxc8 26. Ra1 Qc5 27. Ba6 Qc1+ 28. Rxc1 Rxc1+ 29. Qxc1 Nxc1 30. Bc4 gxf5 31. exf5 Kg7 32. Kg1 Kf6 33. Kf2 e6 34. fxe6 fxe6 35. Ke3 d5 36. Bb5 Nb3 37. Bd3 h6 38. Bc2 Na5 39. Kd4 Nc6+ 40. Kc5 Ne5 41. h3 Nc4 42. Bd3 Ne3 43. g3 Ke5 44. h4 Nf5 45. Kc6 Nxg3 46. Kd7 d4 47. Ke7 Nf5+ 48. Kf7 Nxh4 0-1

[Event "European Rapid Championship 2021"]
[Site "Katowice"]
[Date "2021.12.18"]
[Round "6.15"]
[White "Wisniewski, Adrian"]
[Black "Hasterok, Mateusz"]
[Result "1/2-1/2"]
[ECO "B40"]
[WhiteElo "2351"]
[BlackElo "2132"]
[Annotator "NA"]
[PlyCount "106"]
[EventDate "2021.12.18"]
[EventType "swiss"]
[EventCountry "POL"]
[SourceTitle "playchess.com"]
[Source "ChessBase"]
[SourceQuality "1"]
[TimeControl "900+10"]

1. e4 c5 2. Nf3 e6 3. c3 Qa5 4. Bc4 b5 5. Bb3 Bb7 6. d3 Nf6 7. O-O Be7 8.
Bg5 d6 9. Nbd2 Nbd7 10. Qe2 h6 11. Bh4 g5 12. Bg3 Nh5 13.
d4 Qb6 14. a4 a6 15. axb5 axb5 16. Rxa8+ Bxa8 17. Ra1 Bb7 18. e5 Nxg3 19. hxg3 dxe5 20. dxe5 g4 21. Nh2 h5 22. Bc2 c4 23. Nhf1 h4 24. Be4 hxg3 25. Nxg3 Bh4 26. Bxb7 Qxb7 27. Nde4 Ke7 28. Qe3 Qd5 29. Nf6 Qxe5 30. Nxg4 Qxe3 31. Nxe3 Bxg3 32. fxg3 Rg8 33. Kf2 Nc5 34. Ra7+ Kf6 35. Kf3 Nd3 36. Ng4+ Kg7 37. Rb7 Nxb2 38. Rxb5 Nd3 39. Rb7 Ra8 40. Rc7 Kg6 41. Ke3 f5 42. Rxc4 Nb2 43. Rb4 Nd1+ 44. Kd2 Rd8+ 45. Rd4 Rxd4+ 46. cxd4 fxg4 47. Kxd1 Kf5 48.
Kd2 Ke4 49. Kc3 Ke3 50. Kc4 Kf2 51. Kc5 Kxg3 52. Kd6 Kxg2 53. Kxe6 Kf2 1/2-1/2

[Event "European Rapid Championship 2021"]
[Site "Katowice"]
[Date "2021.12.18"]
[Round "6.15"]
[White "Rudnicki, Milosz"]
[Black "Andersen, Mads"]
[Result "0-1"]
[ECO "D00"]
[WhiteElo "2200"]
[BlackElo "2574"]
[Annotator "ChessBase"]
[PlyCount "64"]
[EventDate "2021.12.18"]
[EventType "swiss"]
[EventCountry "POL"]
[SourceTitle "playchess.com"]
[Source "ChessBase"]
[SourceQuality "1"]
[TimeControl "900+10"]

1. d4 d5 2. Bf4 c5 3. e3 Nc6 4. c3 Bf5 5. Nd2 e6 6. a4 cxd4 7. exd4 Nge7 8.
Ngf3 f6 9. Be2 g5 10. Bg3 h5 11. h3 Ng6 12. Qb3 Rh7 13. O-O-O Rc8 14. Nf1 Na5 15. Qa2 h4 16. Bh2 Qb6 17. Bd3 Bxd3 18. Rxd3 Bd6 19. Re3 Re7 20. Bxd6 Qxd6 21. N1h2 Nc4 22. Re2 Nf4 23. Rc2 Nxg2 24. Kb1 Kf7 25. Qb3 Rc6 26. Nd2 Nf4 27. Ng4 Kg7 28. Nxc4 dxc4 29. Qb5 a6 30. Qa5 Qd5 31. Qb4 Qxh1+ 32. Rc1 Qe4+ 0-1

[Event "European Rapid Championship 2021"]
[Site "Katowice"]
[Date "2021.12.18"]
[Round "6.16"]
[White "Sliwicka, Alicja"]
[Black "Laurusas, Tomas"]
[Result "0-1"]
[ECO "B54"]
[WhiteElo "2303"]
[BlackElo "2553"]
[Annotator "ChessBase"]
[PlyCount "100"]
[EventDate "2021.12.18"]
[EventType "swiss"]
[EventCountry "POL"]
[SourceTitle "playchess.com"]
[Source "ChessBase"]
[SourceQuality "1"]
[TimeControl "900+10"]

1. e4 c5 2. Nf3 d6 3. d4 cxd4 4. Nxd4 Nf6 5. f3 a6 6. c4 e6 7. Nc3 Be7 8. Be2 b6 9. Qa4+ Bd7 10. Qb3 O-O 11. Be3 Qc7 12. Nc2 Bd8 13. Rd1 Nc6 14. a3 Na5 15. Qa2 Be7 16. O-O Rfc8 17. Rb1 Be8 18. Bf2 Nxc4 19. Bxc4 Qxc4 20. Qxc4 Rxc4 21. Bxb6 a5 22. Bf2 Nd7 23. Nd4 Ne5 24. Rfd1 Rb8 25. Kf1 Rc7 26. Na2 Nc4 27. b4 Nxa3 28. Rb3 Ba4 29. Rxa3 Bxd1 30. Rxa5 Bf6 31. Nb5 Rc2 32. Ke1 Re2+ 33. Kf1 Rb2 34. Ke1 Bb3 35. Nac3 Bc4 36. Ba7 Ra8 37. Kd1 Rxb4 38. f4 h5 39. Kc2 Bxb5 40. Nxb5 Rxb5 41. Rxb5 Rxa7 42. Kb3 g6 43. Rb6 Be7 44. g3 Rc7 45. Ra6 d5 46. exd5 exd5 47. Ra5 Rc5 48. Ra7 Bf6 49. Rd7 d4 50. Rd6 Kg7 0-1

[Event "European Rapid Championship 2021"]
[Site "Katowice"]
[Date "2021.12.18"]
[Round "6.16"]
[White "Jagodzinski, Piotr"]
[Black "Snihur, Piotr"]
[Result "1/2-1/2"]
[ECO "A06"]
[WhiteElo "2145"]
[BlackElo "2006"]
[Annotator "ChessBase"]
[PlyCount "154"]
[EventDate "2021.12.18"]
[EventType "swiss"]
[EventCountry "POL"]
[SourceTitle "playchess.com"]
[Source "ChessBase"]
[SourceQuality "1"]
[TimeControl "900+10"]

1. Nf3 d5 2. b3 Nf6 3. Bb2 Bf5 4. e3 e6 5. Ne5 Nbd7 6. Nxd7 Qxd7 7. d3 Be7 8. Be2 h6 9. Nd2 O-O 10. Nf3 c5 11. Ne5 Qc7 12. f4 Bh7 13.
g4 Nd7 14. h4 Nxe5 15. Bxe5 Bd6 16. Bxd6 Qxd6 17. g5 d4 18. Qd2 dxe3 19. Qxe3 Qd4 20. Qxd4 cxd4 21. Bf3 Rac8 22. Kd2 Rc7 23. Rag1 Rfc8 24. Bd1 Kf8 25. Ke2 Bg6 26. h5 Bf5 27. Kf3 b5 28. Re1 Rc5 29. gxh6 gxh6 30. Re5 b4 31. Rh2 f6 32. Re1 Ra5 33. Rg2 Rc7 34. Reg1 Bh7 35. Re1 Re7 36. Kf2 Rxa2 37. Ke2 Rc7 38. Kd2 Bf5 39. Reg1 Bh7 40. Rg3 Ra5 41. Bg4 Ra2 42. Bd1 Re7 43. Kc1 Ra1+ 44. Kb2 Ra5 45. Bf3 Ke8 46. Bc6+ Kd8 47. Rg7 Bf5 48. Rg8+ Kc7 49. Bf3 e5 50. Rh8 Bh7 51. f5 Bxf5 52. Rxh6 Ra6 53. Bd5 Bd7 54. Rgg6 Be8 55. Rg8 Rd6 56. Be4 f5 57. Rxd6 Kxd6 58. Bxf5 Bxh5 59. Rd8+ Kc7 60. Rd5 Be8 61. Rc5+ Kb6 62. Rd5 Bc6 63. Rd6 Kc5 64. Rh6 a5 65. Rh5 a4 66. bxa4 Bxa4 67. Be4 Bc6 68. Bxc6 Kxc6 69. Kb3 Kc5 70. Rh8 e4 71. Rh5+ Kc6 72. dxe4 Rxe4 73. Kc4 d3+ 74. Kxd3 Rg4 75. Kd2 Kb6 76. Kc1 Rg3 77. Kb2 Kc6 1/2-1/2

[Event "European Rapid Championship 2021"]
[Site "Katowice"]
[Date "2021.12.18"]
[Round "6.17"]
[White "Chojnacki, Slawomir"]
[Black "Durarbayli, Vasif"]
[Result "0-1"]
[ECO "A46"]
[WhiteElo "2165"]
[BlackElo "2532"]
[Annotator "ChessBase"]
[PlyCount "70"]
[EventDate "2021.12.18"]
[EventType "swiss"]
[EventCountry "POL"]
[SourceTitle "playchess.com"]
[Source "ChessBase"]
[SourceQuality "1"]
[TimeControl "900+10"]

1. d4 Nf6 2. Nf3 e6 3. Bf4 c5 4. c3 Nc6 5. e3 d5 6. Nbd2 Bd6 7. Bg3 O-O 8. Be2 b6 9. O-O Bb7 10. Rc1 Ne7 11. Bxd6 Qxd6 12. Ne5 Rfd8 13. Bd3 a6 14. f4 Nf5 15. Qe2 h5 16. Ndf3 Rf8 17. Ng5 g6 18. g3 Kg7 19. Rce1 Bc6 20. Kg2 Bb5 21. h3 h4 22. gxh4 Nxh4+ 23. Kf2 Ne4+ 24. Nxe4 dxe4 25. Bxb5 axb5 26. Qxb5 Rxa2 27. dxc5 Qxc5 28. Qb3 Rfa8 29. Re2 Nf3 30. Nxf3 exf3 31. Rd2 R2a4 32. Qd1 e5 33. Rd5 Qc4 34. Rxe5 Ra1 35. b3 R8a2+ 0-1

[Event "European Rapid Championship 2021"]
[Site "Katowice"]
[Date "2021.12.18"]
[Round "6.18"]
[White "Stefansson, Hannes"]
[Black "Niedbala, Bartlomiej"]
[Result "1-0"]
[ECO "B15"]
[WhiteElo "2519"]
[BlackElo "2131"]
[Annotator "ChessBase"]
[PlyCount "75"]
[EventDate "2021.12.18"]
[EventType "swiss"]
[EventCountry "POL"]
[SourceTitle "playchess.com"]
[Source "ChessBase"]
[SourceQuality "1"]
[TimeControl "900+10"]

1. e4 c6 2. d4 d5 3. Nc3 dxe4 4. Nxe4 Nf6 5. Nxf6+ exf6 6. Be3 Qb6 7. Qe2 Be6 8. c3 Qc7 9. Qc2 f5 10. Bd3 g6 11. Nf3 Bd5 12. O-O-O Nd7 13. Bg5 f6 14. Rhe1+ Kf7 15. Bd2 Bd6 16. Nh4 b5 17. g4 Rae8 18.
Bxf5 Rxe1 19. Rxe1 Rg8 20. Be4 Bxh2 21. Bxd5+ cxd5 22. Qd3 Bf4 23. Qxb5 Bxd2+ 24. Kxd2 Nb6 25. Qe2 Qd6 26. b3 Rc8 27. Ng2 a5 28. f4 Rb8 29. f5 gxf5 30. gxf5 Nc4+ 31. Kd1 Na3 32. Qh5+ Kg7 33. Rh1 Rh8 34. Qg4+ Kf7 35. Nf4 Nb5 36. Ne6 Nxc3+ 37. Kc2 Rc8 38. Rxh7+ 1-0

[Event "European Rapid Championship 2021"]
[Site "Katowice"]
[Date "2021.12.18"]
[Round "6.18"]
[White "Szwed, Jacek"]
[Black "Jonsson, Gauti Pall"]
[Result "0-1"]
[ECO "B03"]
[WhiteElo "2372"]
[BlackElo "2014"]
[Annotator "NA"]
[PlyCount "85"]
[EventDate "2021.12.18"]
[EventType "swiss"]
[EventCountry "POL"]
[SourceTitle "playchess.com"]
[Source "ChessBase"]
[SourceQuality "1"]
[TimeControl "900+10"]

1. e4 Nf6 2. e5 Nd5 3. d4 Nb6 4. c4 d6 5. exd6 cxd6 6. Nc3 g6 7. Be3 Bg7 8. Rc1 O-O 9. b3 Bf5 10. g4 Bd7 11. Bg2 Nc6 12. d5 Ne5 13.
h3 f5 14. f4 Nf7 15. g5 e5 16. dxe6 Bxe6 17. Nge2 Re8 18. Bd4 Bxd4 19. Qxd4 Nxg5 20. fxg5 Qxg5 21. O-O Nd7 22. Qxd6 Nf6 23. Qf4 Qxf4 24. Nxf4 Bf7 25. Bxb7 Rab8 26. Bg2 Re3 27. Rfe1 Rxe1+ 28.
Rxe1 g5 29. Nfd5 Nh5 30. Bf3 Ng3 31. Ne2 Nxe2+ 32. Rxe2 Kg7 33. Re7 Kf8 34. Re5 Bg6 35. Ne7 Rd8 36. Bd5 Kg7 37. c5 h5 38. c6 g4 39. c7 Rf8 40. c8=Q Rxc8 41. Nxc8 f4 42. hxg4 hxg4 43. Rg5 0-1

[Event "European Rapid Championship 2021"]
[Site "Katowice"]
[Date "2021.12.18"]
[Round "6.19"]
[White "Czerw, Dawid"]
[Black "Vetoshko, Volodymyr"]
[Result "0-1"]
[ECO "D31"]
[WhiteElo "2158"]
[BlackElo "2483"]
[Annotator "ChessBase"]
[PlyCount "78"]
[EventDate "2021.12.18"]
[EventType "swiss"]
[EventCountry "POL"]
[SourceTitle "playchess.com"]
[Source "ChessBase"]
[SourceQuality "1"]
[TimeControl "900+10"]

1. d4 d5 2. c4 e6 3. Nc3 a6 4. cxd5 exd5 5. Bf4 Nf6 6. e3 Bd6 7. Bg5 Be6 8. Bd3 Nbd7 9. Nge2 h6 10. Bh4 O-O 11. h3 Re8 12. O-O c6 13.
f3 c5 14. Rc1 b5 15. a3 Rc8 16. Kh1 Qb6 17. dxc5 Bxc5 18. Nd4 Be7 19. f4 Nc5 20. f5 Bd7 21. Bxf6 Bxf6 22. Nxd5 Qd6 23. Nxf6+ Qxf6 24. Qd2 Qg5 25. Rfe1 Nxd3 26. Rxc8 Bxc8 27. Qxd3 Bb7 28.
e4 Qf4 29. Nf3 Rxe4 30. Rxe4 Bxe4 31. Qc3 Qxf5 32. Nd2 Bd5 33. Qe3 Qc2 34. b4 Qc6 35. Nf3 Bxf3 36. gxf3 Qe6 37. Qc3 Qxh3+ 38. Kg1 Qe6 39. Qd3 Qg6+ 0-1

[Event "European Rapid Championship 2021"]
[Site "Katowice"]
[Date "2021.12.18"]
[Round "6.19"]
[White "Malek, Jan"]
[Black "Wisniewski, Michal"]
[Result "1-0"]
[ECO "A56"]
[WhiteElo "2029"]
[BlackElo "2248"]
[Annotator "NA"]
[PlyCount "77"]
[EventDate "2021.12.18"]
[EventType "swiss"]
[EventCountry "POL"]
[SourceTitle "playchess.com"]
[Source "ChessBase"]
[SourceQuality "1"]
[TimeControl "900+10"]

1. d4 Nf6 2. c4 c5 3. Nf3 cxd4 4. Nxd4 e5 5. Nb5 d5 6. cxd5 Bc5 7. e3 Qb6 8. N1c3 O-O 9. a3 Rd8 10. Na4 Rxd5 11. Qxd5 Nxd5 12. Nxb6 axb6 13. Bc4 Ne7 14. b4 Bxb4+ 15. Ke2 Nbc6 16. Rd1 e4 17. Bb2 Bc5 18. Nd6 Bg4+ 19. f3 exf3+ 20. gxf3 Bh5 21. Nxb7 Na5 22. Nxa5 bxa5 23. Rac1 Rb8 24. Rd2 Bb6 25. Be5 Re8 26. Bb5 Ra8 27. Rd6 Bxe3 28. Kxe3 Nf5+ 29. Kf4 Nxd6 30. Bxd6 h6 31. Rc7 Rd8 32. Rd7 Rc8 33. Bd3 g5+ 34. Ke3 g4 35. Rc7 Rd8 36. Be7 Re8 37. fxg4 Bxg4 38. Kf4 Be6 39. Bf5 1-0

[Event "European Rapid Championship 2021"]
[Site "Katowice"]
[Date "2021.12.18"]
[Round "6.20"]
[White "Tworzydlo, Piotr"]
[Black "Blohberger, Felix"]
[Result "0-1"]
[ECO "B52"]
[WhiteElo "2152"]
[BlackElo "2409"]
[Annotator "ChessBase"]
[PlyCount "265"]
[EventDate "2021.12.18"]
[EventType "swiss"]
[EventCountry "POL"]
[SourceTitle "playchess.com"]
[Source "ChessBase"]
[SourceQuality "1"]
[TimeControl "900+10"]

1. e4 c5 2. Nf3 d6 3. Bb5+ Bd7 4. a4 Nf6 5. Nc3 a6 6. Bxd7+ Nbxd7 7. O-O e6 8. d4 cxd4 9. Qxd4 Be7 10. Rd1 O-O 11. Bg5 Qc7 12. h3 Rac8 13. Qe3 Nb6 14. Nd2 Rfd8 15. a5 Nc4 16. Nxc4 Qxc4 17. Ra4 Qc7 18. Bf4 Nd7 19. Bg3 Ne5 20. Rdd4 Nc6 21. Rdc4 Qd7 22. Ra1 d5 23. Rd1 d4 24. Qe2 Nxa5 25. Rcxd4 Qxd4 26. Rxd4 Rxd4 27. Be5 Rd7 28. Qg4 g6 29. Nd5 f5 30. Nxe7+ Rxe7 31. Qe2 Nc6 32. Bc3 f4 33. h4 e5 34. Qg4 Rf8 35. h5 Kg7 36. Qh4 Rf6 37. h6+ Kf7 38.
Qg4 Rd6 39. g3 fxg3 40. f4 Rf6 41. f5 Kf8 42. fxg6 Rxg6 43. Qc8+ Kf7 44. Qf5+ Ke8 45. Qc8+ Kf7 46. Qf5+ Kg8 47. Qc8+ Kf7 48. Qf5+ Ke8 49. Qc8+ Nd8 50. Ba5 b6 51. Bb4 Rd7 52. Qxa6 g2 53. Qb5 Nc6 54. Be1 Rf7 55. Bg3 Rf3 56. Kxg2 Rfxg3+ 57. Kf1 Ke7 58. Qxb6 Rg1+ 59. Kf2 R1g2+ 60. Kf1 Rg1+ 61. Kf2 R1g2+ 62. Kf1 Rxc2 63. Qc7+ Kf6 64. Qxh7 Rgg2 65. Qf5+ Ke7 66. h7 Rh2 67. Kg1 Rcg2+ 68. Kf1 Rxb2 69. Kg1 Rbg2+ 70. Kf1 Rc2 71. Qg5+ Kd7 72. h8=Q Rxh8 73. Qg7+ Kd6 74. Qxh8 Kc5 75. Qg8 Rd2 76. Ke1 Rd4 77. Qf8+ Kb6 78. Qf3 Kb5 79. Kf2 Rd2+ 80. Kg3 Nd4 81. Qf7 Rd3+ 82. Kg2 Nc6 83. Qe6 Rd2+ 84. Kg3 Rd4 85. Qb3+ Kc5 86. Qf3 Kc4 87. Kg4 Nb4 88. Kf5 Nd3 89. Qd1 Kc3 90. Qa1+ Kd2 91. Qf1 Rb4 92. Qg2+ Kc3 93. Qg8 Rb2 94. Qc8+ Kd4 95. Qd7+ Ke3 96. Qa7+ Ke2 97. Qa6 Rc2 98. Qa1 Ke3 99. Qa7+ Kd2 100. Qa5+ Ke2 101. Qb5 Ra2 102. Qb7 Ra1 103. Qb6 Rc1 104. Qb5 Rh1 105. Qa6 Ke3 106. Qa7+ Kf3 107. Qa3 Rd1 108. Qb3 Ke2 109. Qc2+ Rd2 110. Qc4 Ke3 111. Ke6 Rh2 112. Kd5 Rh8 113. Qc7 Rh2 114. Qa7+ Kf3 115. Qf7+ Ke2 116. Qa7 Rf2 117. Kc4 Rf4 118. Kd5 Rf2 119. Kc4 Rf4 120. Kd5 Rf1 121. Qa2+ Kf3 122. Qb3 Ke3 123. Qb6+ Ke2 124. Qb3 Rc1 125. Qa2+ Kf3 126. Qa4 Ke3 127. Qa7+ Kf3 128. Qf7+ Ke2 129. Qa7 Rc2 130. Qb7 Rc5+ 131.
Kd6 Rc4 132. Qf7 Rxe4 133. Qh5+ 0-1

[Event "European Rapid Championship 2021"]
[Site "Katowice"]
[Date "2021.12.18"]
[Round "6.20"]
[White "Povilaitis, Tomas"]
[Black "Zakrzewski, Marek"]
[Result "0-1"]
[ECO "B23"]
[WhiteElo "2006"]
[BlackElo "2239"]
[Annotator "NA"]
[PlyCount "104"]
[EventDate "2021.12.18"]
[EventType "swiss"]
[EventCountry "POL"]
[SourceTitle "playchess.com"]
[Source "ChessBase"]
[SourceQuality "1"]
[TimeControl "900+10"]

1. e4 c5 2. Nc3 e6 3. Nf3 Nc6 4. Bb5 Nge7 5. O-O a6 6. Bxc6 Nxc6 7. d4 cxd4 8. Nxd4 Be7 9. Be3 d6 10. f4 O-O 11. f5 Bf6 12. Nxc6 bxc6 13. Bd4 e5 14. Be3 Rb8 15. b3 Bb7 16. Na4 d5 17. Bb6 Qd7 18.
Ba7 Rbd8 19. Bb6 Rb8 20. Nc5 Qe7 21. b4 Bc8 22. Ba5 Rb5 23.
exd5 Rxa5 24. d6 Qa7 25. d7 Rb5 26. dxc8=N Rxc8 27. a3 Be7 28. f6 Bxc5+ 29. bxc5 Qxc5+ 30. Kh1 g6 31. Qd2 Re8 32. Qh6 Qf8 33. Qe3 e4 34. Rf4 Qc5 35. Qh3 e3 36. Re1 h5 37. Qd7 Rbb8 38.
Rff1 Rbd8 39. Qc7 Rd5 40. Qf4 e2 41. Rg1 Rf5 42. Qh6 Rxf6 43.
h3 Qxc2 44. Qg5 Rfe6 45. Qa5 Qc4 46. Rc1 Qb5 47. Qd2 Qd5 48. Qb4 Re4 49. Qe1 Rd4 50. Rb1 Rd3 51. Kh2 Rxa3 52. Rb2 Qe5+ 0-1

[Event "European Rapid Championship 2021"]
[Site "Katowice"]
[Date "2021.12.18"]
[Round "6.21"]
[White "Luberanski, Jakub"]
[Black "Diermair, Andreas"]
[Result "1-0"]
[ECO "E36"]
[WhiteElo "2199"]
[BlackElo "2408"]
[Annotator "NA"]
[PlyCount "83"]
[EventDate "2021.12.18"]
[EventType "swiss"]
[EventCountry "POL"]
[SourceTitle "playchess.com"]
[Source "ChessBase"]
[SourceQuality "1"]
[TimeControl "900+10"]

1. d4 Nf6 2. c4 e6 3. Nc3 Bb4 4. Qc2 d5 5. a3 Bxc3+ 6. Qxc3 dxc4 7. Qxc4 b6 8. Bg5 Ba6 9. Bxf6 Qxf6 10. Qa4+ c6 11. e3 Bxf1 12. Kxf1 e5 13.
Nf3 exd4 14. Qxd4 Qxd4 15. Nxd4 Ke7 16. Rd1 g6 17. Ke2 Rd8 18. Rc1 c5 19. Nf3 Nd7 20. Rhd1 Rac8 21. Rc2 Nf6 22. Rcd2 Rxd2+ 23. Nxd2 b5 24. Rc1 Nd7 25. b4 c4 26. Ne4 Ne5 27. Nc3 a6 28. a4 Nd3 29. Ra1 a5 30. bxa5 b4 31. Nd5+ Ke6 32. Nb6 Rc5 33. a6 b3 34. a7 b2 35. Rb1 Nc1+ 36. Kd1 c3 37. Kc2 Na2 38. a8=Q Nb4+ 39. Kb3 c2 40. Qe4+ Re5 41. Qc4+ Kd6 42. Qxb4+ 1-0

[Event "European Rapid Championship 2021"]
[Site "Katowice"]
[Date "2021.12.18"]
[Round "6.21"]
[White "Krzywda, Andrzej"]
[Black "Walter, Szymon"]
[Result "0-1"]
[ECO "B24"]
[WhiteElo "2123"]
[BlackElo "2203"]
[Annotator "NA"]
[PlyCount "112"]
[EventDate "2021.12.18"]
[EventType "swiss"]
[EventCountry "POL"]
[SourceTitle "playchess.com"]
[Source "ChessBase"]
[SourceQuality "1"]
[TimeControl "900+10"]

1. e4 c5 2. Nc3 Nc6 3. Bb5 Nd4 4. Nf3 e6 5. O-O a6 6. Bd3 Nxf3+ 7. Qxf3 Bd6 8. Qg4 Nf6 9. Qh4 b5 10. b3 Be5 11. Bb2 Qc7 12. Rae1 Bb7 13.
Kh1 Bf4 14. Ne2 Bxd2 15. Rd1 Ba5 16. c4 bxc4 17. bxc4 Qd8 18. e5 Ne4 19. Qg4 Nd2 20. Qxg7 Rf8 21. Rg1 Qc7 22. Bc3 Bxc3 23. Nxc3 Nf3 24. Rgf1 Qxe5 25. Qxe5 Nxe5 26. Be4 Bxe4 27. Nxe4 Nxc4 28. Nf6+ Ke7 29. Nxd7 Rfc8 30. Rc1 Nd2 31. Rfd1 Ne4 32. Kg1 Rd8 33. Ne5 Rxd1+ 34. Rxd1 Rc8 35. Rd7+ Ke8 36. Rxf7 Rd8 37. Kf1 Rd5 38. Rxh7 Rxe5 39. f4 Rf5 40. g3 e5 41. Ra7 exf4 42. gxf4 Rxf4+ 43. Ke1 Rf6 44. h4 c4 45. Kd1 c3 46. Rc7 Rf2 47. Rc6 Kd7 48. Rc4 Rf4 49. Kc2 Rxh4 50. Rd4+ Kc6 51. Rd8 Rh2+ 52. Kc1 Rxa2 53. Re8 Nc5 54. Kb1 Rb2+ 55. Kc1 Nd3+ 56. Kd1 Rd2# 0-1

[Event "European Rapid Championship 2021"]
[Site "Katowice"]
[Date "2021.12.18"]
[Round "6.22"]
[White "Gretarsson, Helgi Ass"]
[Black "Starek, Stanislav"]
[Result "1-0"]
[ECO "A52"]
[WhiteElo "2476"]
[BlackElo "2107"]
[Annotator "ChessBase"]
[PlyCount "67"]
[EventDate "2021.12.18"]
[EventType "swiss"]
[EventCountry "POL"]
[SourceTitle "playchess.com"]
[Source "ChessBase"]
[SourceQuality "1"]
[TimeControl "900+10"]

1. d4 Nf6 2. c4 e5 3. dxe5 Ng4 4. e4 Nxe5 5. f4 Ng6 6. Nc3 Nc6 7. Be3 Bb4 8. Nge2 O-O 9. a3 Bxc3+ 10. Nxc3 Re8 11. Qd2 d6 12. Bd3 b6 13. O-O Bb7 14. Bc2 a5 15. b3 Nf8 16. Rad1 Ne6 17. Qf2 Nc5 18.
e5 Qc8 19. exd6 cxd6 20. Nb5 Qg4 21. h3 Qh5 22. Nxd6 Re7 23.
Rd5 Qh6 24. Nf5 Qf6 25. Bxc5 bxc5 26. Nxe7+ Nxe7 27. Rxc5 Nc6 28. Be4 Re8 29. Re1 Qc3 30. Bxh7+ Kf8 31. Rxe8+ Kxe8 32. Be4 Qf6 33. Qe3 Kf8 34. Rxc6 1-0